 Dungeon Crawl Stone Soup version 0.23.2-33-g5129a83 (webtiles) character file.

Game seed: 200172524820649957

203 Aphrodieselac the Poker (level 5, -1/38 HPs)
             Began as a Merfolk Skald on Aug 4, 2019.
             Succumbed to a worker ant's poison
             ... on level 4 of the Dungeon.
             The game lasted 00:13:16 (3713 turns).

Aphrodieselac the Poker (Merfolk Skald)             Turns: 3713, Time: 00:13:17

Health: -1/38      AC:  3    Str: 13    XL:     5   Next: 81%
Magic:  6/8        EV: 11    Int: 12    God:
Gold:   126        SH:  0    Dex: 13    Spells: 2/8 levels left

rFire    . . .     SeeInvis .   a - +0 spear
rCold    . . .     Gourm    .   (no shield)
rNeg     . . .     Faith    .   b - +0 leather armour
rPois    .         Spirit   .   (no helmet)
rElec    .         Reflect  .   (no cloak)
rCorr    .         Harm     .   (no gloves)
MR       .....                  (no boots)
Stlth    +.........             (no amulet)
HPRegen  0.12/turn              (no ring)
MPRegen  0.11/turn              (no ring)

@: lethally poisoned (-1 -> -31), heavily drained
A: change form in water, swift swim, stealthy swim
a: no special abilities


You were on level 4 of the Dungeon.
You were very hungry.

You visited 1 branch of the dungeon, and saw 4 of its levels.

You collected 126 gold pieces.

Inventory:

Hand Weapons
 a - a +0 spear (weapon)
Missiles
 o - 30 sling bullets
 s - 2 javelins of returning (quivered)
Armour
 b - a +0 leather armour (worn)
Wands
 p - a wand of enslavement (4)
 q - a wand of random effects (16)
Scrolls
 e - 4 scrolls of remove curse
 g - 3 scrolls of identify
 h - a scroll of enchant armour {unknown}
 i - a scroll of immolation {unknown}
 k - 2 scrolls of teleportation
 m - a scroll of enchant weapon {unknown}
 n - a scroll of blinking {unknown}
Potions
 c - 2 potions of flight {unknown}
 f - a potion of brilliance
 j - a potion of curing {unknown}
 l - a potion of invisibility
Comestibles
 d - 7 rations


   Skills:
 - Level 2.1(0.9) Fighting
 * Level 7.1(5.7) Polearms
 - Level 0.6(0.0) Armour
 - Level 2.6(1.4) Dodging
 - Level 2.0(0.7) Spellcasting
 + Level 4.7(3.4) Charms


You had 2 spell levels left.
You knew the following spells:

 Your Spells              Type           Power        Failure   Level  Hunger
a - Infusion              Chrm           #...         10%         1    ##.....
b - Shroud of Golubria    Chrm/Tloc      #.........   30%         2    ###....
c - Spectral Weapon       Hex/Chrm       #.......     52%         3    ####...

Your spell library contained the following spells:

 Spells                   Type           Power        Failure   Level  Hunger
 Song of Slaying          Chrm           #.......     14%         2    ###....
 Regeneration             Chrm/Necr      #.........   52%         3    ####...


Dungeon Overview and Level Annotations

Branches:
Dungeon (4/15)
 Temple: D:4-7

Altars:
Ashenzari
Hepliaklqana
Kikubaaqudgha

Annotations:
D:2 Terence
D:4 1 transporter


Message History

The worker ant poisons you!
You barely miss the worker ant.
The worker ant is lightly wounded.
You feel sick. The worker ant bites you.
You are more poisoned.
The worker ant poisons you!
You barely miss the worker ant.
The worker ant is lightly wounded.
You feel sick. The worker ant bites you.
* * * LOW HITPOINT WARNING * * *
You closely miss the worker ant.
The worker ant is lightly wounded.
* * * LOW HITPOINT WARNING * * *
You feel sick. The worker ant bites you.
* * * LOW HITPOINT WARNING * * *
You are more poisoned.
The worker ant poisons you!
* * * LOW HITPOINT WARNING * * *
You feel very sick.
You die...

...# ####+++#### ..#
#.##
#.°°○○.○○.###..####
.#
#○°°°○..°.##......#.
#
#☼°☼...°.○#.........
. #.°○$($..°#.<.## #
..
#°○°$©[b○☼##...#.##
##########......#
##..©...##.).#....#
#.....a.@...###....
.......#.##.#........
.....[#...#.#........
..#.........#........
. #....#.............
#...#..............
.... ...#.##......#
#.. ...##.. .....##
.. (...##


You could see a fire bat and a worker ant.

Vanquished Creatures
  Ijyb (D:3)
  5 adders
  6 gnolls
  A worm (D:2)
  A dart slug (D:1)
  3 leopard geckos
  An orc (D:3)
  3 giant cockroaches
  9 goblins
  6 hobgoblins
  2 jackals (D:3)
  11 kobolds
  A quokka (D:2)
  5 bats
  4 frilled lizards
  8 rats
67 creatures vanquished.

Notes
Turn   | Place    | Note
-------+----------+-------------------------------------------
     0 | D:1      | Aphrodieselac the Merfolk Skald began the quest for the
                  | Orb.
     0 | D:1      | Reached XP level 1. HP: 16/16 MP: 3/3
   396 | D:1      | Reached XP level 2. HP: 22/22 MP: 5/5
   463 | D:1      | Reached skill level 4 in Polearms
   638 | D:1      | Learned a level 2 spell: Shroud of Golubria
   884 | D:1      | Reached XP level 3. HP: 25/27 MP: 6/6
  1036 | D:2      | Found a hazy altar of Hepliaklqana.
  1040 | D:2      | Found a shattered altar of Ashenzari.
  1265 | D:2      | Reached skill level 5 in Polearms
  1368 | D:2      | Reached XP level 4. HP: 33/33 MP: 0/7
  1952 | D:2      | Found an ancient bone altar of Kikubaaqudgha.
  1995 | D:2      | Reached skill level 6 in Polearms
  2248 | D:3      | Reached XP level 5. HP: 34/38 MP: 2/8
  2510 | D:3      | Learned a level 3 spell: Spectral Weapon
  2577 | D:3      | Noticed Terence
  3102 | D:3      | Noticed Ijyb
  3128 | D:3      | Killed Ijyb
  3435 | D:3      | Reached skill level 7 in Polearms
  3694 | D:4      | Found a transporter.
  3695 | D:4      | Noticed a fire bat
  3696 | D:4      | Noticed a fire bat
  3712 | D:4      | HP: 1/38 [poisoned by a worker ant]
  3713 | D:4      | Succumbed to a worker ant's poison

Skill      XL: |  1  2  3  4  5 |
---------------+----------------+-----
Polearms       | 4 5 6 7 |  7.1
Charms         | 4 |  4.7
Fighting       | |  2.1
Armour         | |  0.6
Dodging        | |  2.6
Spellcasting   | |  2.0

Action                   |  1- 3 |  4- 6 || total
-------------------------+-------+-------++-------
Melee: Spear             |   117 |   196 ||   313
Throw: Javelin           |       |     3 ||     3
 Cast: Infusion          |     4 |     8 ||    12
       Shroud of Golubri |     2 |     3 ||     5
  Use: Scroll            |       |     3 ||     3
  Eat: Chunk             |     2 |     7 ||     9
Armor: Leather armour    |    18 |    22 ||    40
Dodge: Dodged            |    52 |    73 ||   125
